NYP
SALEM-KEIZER VOLCANOES @ BOISE HAWKS
09/12/2047
 
TOP OF THE 1ST
Salem-Keizer Volcanoes batting - Pitching for Boise Hawks : LHP Domenic Wells
Pitching: LHP Domenic Wells
Batting: RHB Willie Sanchez 0-0: Swinging Strike
0-1: Ball
1-1: Ball
2-1: Ball
3-1: Base on Balls
Batting: RHB Ian Richardson 0-0: Called Strike
0-1: Ball
1-1: Ball
2-1: Called Strike
2-2: Strikes out swinging
Batting: RHB Troy Trice 0-0: Ball
1-0: Foul Ball, location: 2F
1-1: Fly out, F9 (Flyball, 89M, EV 86.9 MPH)
Batting: LHB Steve Nevis 0-0: Ball
1-0: Ball
2-0: Foul Ball, location: 2F
2-1: Swinging Strike
2-2: Reached on error, E6 (Groundball, 6, EV 87.5 MPH)
Willie Sanchez to second
Batting: RHB Devin Lowery 0-0: Foul Ball, location: 2F
0-1: Foul Ball, location: 2F
0-2: SINGLE (Groundball, 56S, EV 62.5 MPH) (infield hit)
Willie Sanchez to third
Steve Nevis to second
Batting: LHB James Wheaton 0-0: Ground out U3 (Groundball, 3, EV 93.8 MPH)
Top of the 1st over - 0 runs, 1 hit, 1 error, 3 left on base; Salem-Keizer 0 - Boise 0
BOTTOM OF THE 1ST
Boise Hawks batting - Pitching for Salem-Keizer Volcanoes : LHP Hector Jimenez
Pitching: LHP Hector Jimenez
Batting: RHB Corban Stavrakis 0-0: Swinging Strike
0-1: Ground out U3 (Groundball, 34S, EV 71.2 MPH)
Batting: RHB Omar Arroyo 0-0: Ball
1-0: Ball
2-0: Ball
3-0: Called Strike
3-1: Ground out 5-3 (Groundball, 56, EV 97.5 MPH)
Batting: RHB John Corfield 0-0: Ball
1-0: Ball
2-0: Ball
3-0: Base on Balls
Batting: LHB Ho-win Zhou 0-0: SINGLE (Line Drive, 34D, EV 105.0 MPH)
John Corfield to second
Batting: RHB Shawn Weber 0-0: Called Strike
0-1: Ball
1-1: Ball
2-1: Called Strike
2-2: Ball
3-2: Strikes out looking
Bottom of the 1st over - 0 runs, 1 hit, 0 errors, 2 left on base; Salem-Keizer 0 - Boise 0
TOP OF THE 2ND
Salem-Keizer Volcanoes batting - Pitching for Boise Hawks : LHP Domenic Wells
Batting: RHB Bob Schweiger 0-0: Foul Ball, location: 2F
0-1: Called Strike
0-2: Strikes out looking
Batting: LHB Nate Conley 0-0: Ball
1-0: Called Strike
1-1: Foul Ball, location: 2F
1-2: Strikes out swinging
Batting: RHB Alexis Andrade 0-0: Ball
1-0: Ball
2-0: Ground out 6-3 (Groundball, 6, EV 83.8 MPH)
Top of the 2nd over - 0 runs, 0 hits, 0 errors, 0 left on base; Salem-Keizer 0 - Boise 0
BOTTOM OF THE 2ND
Boise Hawks batting - Pitching for Salem-Keizer Volcanoes : LHP Hector Jimenez
Batting: LHB Jon Burgos 0-0: Ball
1-0: Ground out 1-3 (Groundball, 23, EV 65.6 MPH)
Batting: RHB Chris Simmons 0-0: Ball
1-0: Ball
2-0: Ground out 6-3 (Groundball, 6M, EV 81.2 MPH)
Batting: SHB Nestor Ramirez 0-0: Ball
1-0: Ball
2-0: Called Strike
2-1: Foul Ball, location: 2F
2-2: Ball
3-2: Strikes out looking
Bottom of the 2nd over - 0 runs, 0 hits, 0 errors, 0 left on base; Salem-Keizer 0 - Boise 0
TOP OF THE 3RD
Salem-Keizer Volcanoes batting - Pitching for Boise Hawks : LHP Domenic Wells
Batting: RHB Willie Sanchez 0-0: Foul Ball, location: 2F
0-1: Ball
1-1: Ball
2-1: Swinging Strike
2-2: Ball
3-2: Ground out 5-3 (Groundball, 25, EV 81.2 MPH)
Batting: RHB Ian Richardson 0-0: Ball
1-0: Swinging Strike
1-1: Ball
2-1: Called Strike
2-2: Foul Ball, location: 2F
2-2: Ball
3-2: Foul Ball, location: 2F
3-2: Base on Balls
Batting: RHB Troy Trice 0-0: DOUBLE (Flyball, 8LXD, EV 108.8 MPH)
Ian Richardson to third
Runner from 3rd tries for Home, SAFE, throw by CF to trailing runner, OUT at third! 8-3-5
Batting: LHB Steve Nevis 0-0: Ball
1-0: Ball
2-0: Called Strike
2-1: Ground out 5-3 (Groundball, 5, EV 89.4 MPH)
Top of the 3rd over - 1 run, 1 hit, 0 errors, 0 left on base; Salem-Keizer 1 - Boise 0
BOTTOM OF THE 3RD
Boise Hawks batting - Pitching for Salem-Keizer Volcanoes : LHP Hector Jimenez
Batting: RHB Miguel Cardona 0-0: Swinging Strike
0-1: Ground out U3 (Groundball, 34, EV 85.0 MPH)
Batting: RHB Corban Stavrakis 0-0: Swinging Strike
0-1: Called Strike
0-2: Strikes out swinging
Batting: RHB Omar Arroyo 0-0: Called Strike
0-1: Swinging Strike
0-2: Foul Ball, location: 2F
0-2: Foul Ball, location: 2F
0-2: Foul Ball, location: 2F
0-2: Foul Ball, location: 2F
0-2: Ball
1-2: Ball
2-2: Foul Ball, location: 2F
2-2: Foul Ball, location: 2F
2-2: Fly out, F8 (Flyball, 78M, EV 86.2 MPH)
Bottom of the 3rd over - 0 runs, 0 hits, 0 errors, 0 left on base; Salem-Keizer 1 - Boise 0
TOP OF THE 4TH
Salem-Keizer Volcanoes batting - Pitching for Boise Hawks : LHP Domenic Wells
Batting: RHB Devin Lowery 0-0: Swinging Strike
0-1: Ball
1-1: DOUBLE (Line Drive, 89M, EV 105.6 MPH)
Batting: LHB James Wheaton 0-0: Fly out, F4 (Line Drive, 4M, EV 60.0 MPH)
Batting: RHB Bob Schweiger 0-0: Swinging Strike
0-1: Ball
1-1: Ball
2-1: Ball
Wild Pitch!
Devin Lowery to third
3-1: Swinging Strike
3-2: SINGLE (Line Drive, 9LM, EV 110.0 MPH)
Devin Lowery scores
Batting: LHB Nate Conley 0-0: Called Strike
0-1: Ball
1-1: Foul Ball, location: 2F
1-2: Strikes out swinging
Batting: RHB Alexis Andrade 0-0: Called Strike
0-1: Swinging Strike
0-2: Fielders Choice at 2nd, U6 (Groundball, 6M, EV 107.5 MPH)
Top of the 4th over - 1 run, 2 hits, 0 errors, 1 left on base; Salem-Keizer 2 - Boise 0
BOTTOM OF THE 4TH
Boise Hawks batting - Pitching for Salem-Keizer Volcanoes : LHP Hector Jimenez
Batting: RHB John Corfield 0-0: Called Strike
0-1: Ball
1-1: Ball
2-1: Ground out 5-3 (Groundball, 56, EV 93.8 MPH)
Batting: LHB Ho-win Zhou 0-0: Ball
1-0: Foul Ball, location: 2F
1-1: Fly out, F8 (Flyball, 8RXD, EV 91.2 MPH)
Batting: RHB Shawn Weber 0-0: Ball
1-0: Swinging Strike
1-1: Ball
2-1: Called Strike
2-2: Ball
3-2: Ground out 4-3 (Groundball, 4S, EV 85.6 MPH)
Bottom of the 4th over - 0 runs, 0 hits, 0 errors, 0 left on base; Salem-Keizer 2 - Boise 0
TOP OF THE 5TH
Salem-Keizer Volcanoes batting - Pitching for Boise Hawks : LHP Domenic Wells
Batting: RHB Willie Sanchez 0-0: Swinging Strike
0-1: Ball
1-1: Swinging Strike
1-2: Strikes out swinging
Batting: RHB Ian Richardson 0-0: Ball
1-0: Ball
2-0: Ball
3-0: Base on Balls
Pitching: RHP Michael Conrad
Batting: RHB Troy Trice 0-0: Foul Ball, location: 2F
0-1: Called Strike
0-2: Ball
1-2: Strikes out swinging
Batting: LHB Steve Nevis 0-0: Called Strike
0-1: Called Strike
0-2: Ball
1-2: Ball
2-2: Ball
3-2: DOUBLE (Line Drive, 78D, EV 106.2 MPH)
Ian Richardson to third
Ian Richardson scores
Batting: RHB Devin Lowery 0-0: Called Strike
0-1: Swinging Strike
0-2: Ball
1-2: Ball
2-2: Ball
3-2: Foul Ball, location: 2F
3-2: Ground out 4-3 (Groundball, 4, EV 106.2 MPH)
Top of the 5th over - 1 run, 1 hit, 0 errors, 1 left on base; Salem-Keizer 3 - Boise 0
BOTTOM OF THE 5TH
Boise Hawks batting - Pitching for Salem-Keizer Volcanoes : LHP Hector Jimenez
Batting: LHB Jon Burgos 0-0: Called Strike
0-1: Called Strike
0-2: Foul Ball, location: 2F
0-2: DOUBLE (Flyball, 8RXD, EV 99.4 MPH)
Batting: RHB Chris Simmons 0-0: Fly out, F3 (Popup, 3SF, EV 65.0 MPH)
Batting: SHB Nestor Ramirez 0-0: Ball
1-0: Fly out, F9 (Flyball, 9D, EV 100.6 MPH)
Runner from 2nd tags up, SAFE at 3rd, no throw by RF
Batting: RHB Miguel Cardona 0-0: Ball
1-0: Ball
2-0: Foul Ball, location: 2F
2-1: Ball
3-1: Base on Balls
Batting: RHB Corban Stavrakis 0-0: Ball
1-0: Ball
2-0: Swinging Strike
2-1: Foul Ball, location: 2F
2-2: Ball
3-2: Ground out 6-3 (Groundball, 6, EV 104.4 MPH)
Bottom of the 5th over - 0 runs, 1 hit, 0 errors, 2 left on base; Salem-Keizer 3 - Boise 0
TOP OF THE 6TH
Salem-Keizer Volcanoes batting - Pitching for Boise Hawks : RHP Michael Conrad
Batting: LHB James Wheaton 0-0: Ball
1-0: Fly out, F8 (Flyball, 8RD, EV 88.1 MPH)
Batting: RHB Bob Schweiger 0-0: Ball
1-0: Fly out, F9 (Flyball, 9D, EV 78.1 MPH)
Batting: LHB Nate Conley 0-0: Called Strike
0-1: Fly out, F7 (Line Drive, 78M, EV 90.6 MPH)
Top of the 6th over - 0 runs, 0 hits, 0 errors, 0 left on base; Salem-Keizer 3 - Boise 0
BOTTOM OF THE 6TH
Boise Hawks batting - Pitching for Salem-Keizer Volcanoes : LHP Hector Jimenez
Pitching: RHP Chance Robinson
Batting: RHB Omar Arroyo 0-0: Swinging Strike
0-1: Ball
1-1: Ground out 5-3 (Groundball, 56, EV 85.6 MPH)
Batting: RHB John Corfield 0-0: Foul Ball, location: 2F
0-1: Ball
1-1: Called Strike
1-2: Strikes out swinging
Batting: LHB Ho-win Zhou 0-0: Ball
1-0: Fly out, F7 (Flyball, 7, EV 95.0 MPH)
Bottom of the 6th over - 0 runs, 0 hits, 0 errors, 0 left on base; Salem-Keizer 3 - Boise 0
TOP OF THE 7TH
Salem-Keizer Volcanoes batting - Pitching for Boise Hawks : RHP Michael Conrad
Batting: RHB Alexis Andrade 0-0: Swinging Strike
0-1: Called Strike
0-2: Ball
1-2: Foul Ball, location: 2F
1-2: Strikes out swinging
Batting: RHB Willie Sanchez 0-0: Called Strike
0-1: Ball
1-1: Ball
2-1: Ground out U3 (Groundball, 34S, EV 67.5 MPH)
Batting: RHB Ian Richardson 0-0: Ball
1-0: Called Strike
1-1: Ball
2-1: Foul Ball, location: 2F
2-2: Strikes out swinging
Top of the 7th over - 0 runs, 0 hits, 0 errors, 0 left on base; Salem-Keizer 3 - Boise 0
BOTTOM OF THE 7TH
Boise Hawks batting - Pitching for Salem-Keizer Volcanoes : RHP Chance Robinson
Batting: RHB Shawn Weber 0-0: Ball
1-0: Ball
2-0: SINGLE (Flyball, 8RS, EV 91.9 MPH)
Batting: LHB Jon Burgos 0-0: Called Strike
0-1: Swinging Strike
0-2: Strikes out looking
Pinch Hitting: SHB Charlie Diesel 0-0: Swinging Strike
Passed Ball!
Shawn Weber to second
0-1: Ball
1-1: Ball
2-1: SINGLE (Groundball, 6D, EV 93.8 MPH)
Shawn Weber to third
Runner from 3rd tries for Home, SAFE, throw by CF to home
Batting: SHB Nestor Ramirez 0-0: Ball
1-0: Fly out, F7 (Flyball, 7, EV 86.9 MPH)
Batting: RHB Miguel Cardona 0-0: Called Strike
0-1: Ball
1-1: Called Strike
1-2: Fly out, F3 (Line Drive, 3L, EV 68.1 MPH)
Bottom of the 7th over - 1 run, 2 hits, 0 errors, 1 left on base; Salem-Keizer 3 - Boise 1
TOP OF THE 8TH
Salem-Keizer Volcanoes batting - Pitching for Boise Hawks : RHP Michael Conrad
Now at 3B: Brandon Burrell
Batting: RHB Troy Trice 0-0: Called Strike
0-1: Ground out 5-3 (Groundball, 56, EV 88.1 MPH)
Batting: LHB Steve Nevis 0-0: Ground out 4-3 (Groundball, 4, EV 100.0 MPH)
Batting: RHB Devin Lowery 0-0: Swinging Strike
0-1: Swinging Strike
0-2: Foul Ball, location: 2F
0-2: Ball
1-2: Ball
2-2: SINGLE (Flyball, 4D, EV 86.9 MPH)
Pitching: LHP Rafael Lozano
Batting: LHB James Wheaton 0-0: Called Strike
0-1: Ball
1-1: Called Strike
1-2: Strikes out swinging
Top of the 8th over - 0 runs, 1 hit, 0 errors, 1 left on base; Salem-Keizer 3 - Boise 1
BOTTOM OF THE 8TH
Boise Hawks batting - Pitching for Salem-Keizer Volcanoes : RHP Chance Robinson
Now in LF: Justin Layton
Batting: RHB Corban Stavrakis 0-0: Called Strike
0-1: Swinging Strike
0-2: Foul Ball, location: 2F
0-2: Ball
1-2: Ball
2-2: Ball
3-2: Foul Ball, location: 2F
3-2: Base on Balls
Batting: RHB Omar Arroyo 0-0: Called Strike
0-1: Swinging Strike
0-2: Ball
1-2: Strikes out swinging
Pitching: RHP Mike Flynn
Batting: RHB John Corfield 0-0: Ball
1-0: Grounds into double play, 5-4-3 (Groundball, 56, EV 108.8 MPH)
Bottom of the 8th over - 0 runs, 0 hits, 0 errors, 0 left on base; Salem-Keizer 3 - Boise 1
TOP OF THE 9TH
Salem-Keizer Volcanoes batting - Pitching for Boise Hawks : LHP Rafael Lozano
Pitching: RHP Gorgonio Sigua
Pinch Hitting: LHB Mason Duffy 0-0: Ball
1-0: Foul Ball, location: 2F
1-1: Ball
2-1: Foul Ball, location: 2F
2-2: Ball
3-2: Foul Ball, location: 2F
3-2: Fly out, F4 (Line Drive, 4, EV 73.8 MPH)
Batting: LHB Nate Conley 0-0: Ball
1-0: Called Strike
1-1: Fly out, F8 (Flyball, 8LM, EV 84.4 MPH)
Batting: RHB Alexis Andrade 0-0: Ground out 3-1 (Groundball, 34S, EV 85.0 MPH)
Top of the 9th over - 0 runs, 0 hits, 0 errors, 0 left on base; Salem-Keizer 3 - Boise 1
BOTTOM OF THE 9TH
Boise Hawks batting - Pitching for Salem-Keizer Volcanoes : RHP Mike Flynn
Pitching: RHP Sam Drews
Now at C: Ed Broomhead
Batting: LHB Ho-win Zhou 0-0: DOUBLE (Line Drive, 78XD, EV 107.5 MPH)
Batting: RHB Shawn Weber 0-0: SINGLE (Groundball, 4, EV 103.1 MPH)
Ho-win Zhou to third
Batting: LHB Jon Burgos 0-0: Ball
1-0: Ball
2-0: Foul Ball, location: 2F
2-1: Swinging Strike
2-2: Ball
3-2: Foul Ball, location: 2F
3-2: Foul Ball, location: 2F
3-2: Fly out, F4 (Popup, 4M, EV 63.1 MPH)
Pinch Hitting: LHB Nick Ramsdell 0-0: Foul Ball, location: 2F
0-1: Called Strike
0-2: Ball
1-2: Foul Ball, location: 2F
1-2: Fly out, F7 (Flyball, 7LD, EV 86.2 MPH)
Runner from 3rd tags up, SCORES, no throw by LF
Batting: SHB Nestor Ramirez 0-0: Called Strike
0-1: Ground out 5-3 (Groundball, 56, EV 101.9 MPH)
Bottom of the 9th over - 1 run, 2 hits, 0 errors, 1 left on base; Salem-Keizer 3 - Boise 2
Thursday, December 15th , 2022 - OOTP Baseball 23.9 Build 102